Description

https://www.youtube.com/watch?v=t_5_2COrNrY

Want to be like herO and just roll through Terran here's the build! to check out VOD on how to perform his build

VOD

https://www.youtube.com/watch?v=t_5_2COrNrY

Replay - Clem v herO: Game 3 - [ESL] Inside and Out

Build Order

Get SALT Encoding   

  12  0:00  Probe  
  13  0:13  Pylon  
  13  0:16  Probe  
  14  0:31  Gateway  
  14  0:32  Probe (Chrono Boost)  
  15  0:42  Probe (Chrono Boost), Assimilator  
  16  0:48  Probe (Chrono Boost)  
  16  0:51  Assimilator  
  17  1:00  Probe  
  18  1:12  Probe  
  18  1:18  Cybernetics Core, Pylon  
  19  1:24  Probe  
  20  1:26  Zealot  
  22  1:36  Probe  
  23  1:48  Probe  
  24  1:55  Stargate  
  24  1:56  Adept  
  26  2:24  Nexus  
  28  2:37  Pylon  
  28  2:38  Oracle (Chrono Boost)  
  28  2:47  Warp Gate  
  31  3:06  Oracle (Chrono Boost)  
  33  3:14  Gateway  
  33  3:20  Gateway  
  34  3:39  Oracle (Chrono Boost)  
  41  3:57  Pylon  
  41  4:00  Twilight Council  
  45  4:37  Nexus, Oracle (Chrono Boost)  
  45  4:39  Pylon  
  45  4:45  Blink (Chrono Boost)  
  50  4:48  Assimilator  
  52  5:01  Assimilator  
  52  5:09  Stalker x2  
  60  5:24  Stalker  
  60  5:25  Gateway  
  58  5:48  Stalker x3  
  67  6:02  Robotics Facility  
  70  6:11  Stalker x3  
  79  6:21  Stalker  
  79  6:25  Charge  
  88  6:48  Warp Prism (Chrono Boost)  
  90  6:54  Dark Shrine  
  90  6:59  Forge  
  90  7:17  Assimilator x2  
  92  7:25  Gateway x3  
  93  7:33  Immortal (Chrono Boost)  
  101  7:41  Gateway  
Spawning Tool Build Advisor. Get it on Overwolf

Go to:

Details

  • Created by: Kenosua
  • Published on: Aug 21, 2022
  • Modified on: Aug 21, 2022
  • Patch: 4.11.0
  • Difficulty: Hard
Show
View Real Time Build Order
Export as new Build Order

Comments (0)

There are no comments. Be the first!

Create an account to comment!